 Dungeon Crawl Stone Soup version 0.28-a0-1087-gf3fc490d9d (webtiles) character file.

Game seed: 15857918588409221256

166 Demosthentine the Sneak (level 5, 0/25 HPs)
             Began as a Spriggan Enchanter on Dec 11, 2021.
             Succumbed to a water moccasin's poison
             ... on level 3 of the Dungeon.
             The game lasted 00:05:21 (2247 turns).

Demosthentine the Sneak (Spriggan Enchanter)        Turns: 2247, Time: 00:05:21

Health: 0/25       AC:  3    Str:  1 (4)  XL:     5   Next: 22%
Magic:  6/11       EV: 18    Int: 18 (19) God:
Gold:   57         SH:  0    Dex: 14 (15) Spells: 6/11 levels left

rFire   . . .      SeeInvis +   a - +1 dagger (flame)
rCold   . . .      Faith    .   (shield restricted)
rNeg    . . .      Spirit   .   b - +0 robe
rPois   .          Reflect  .   (helmet restricted)
rElec   .          Harm     .   f - +0 cloak
rCorr   .          Rampage  .   (gloves unavailable)
Will    .....                   (boots unavailable)
Stlth   +++.......              (no amulet)
HPRegen 0.08/turn               (no ring)
MPRegen 0.12/turn               (no ring)

@: mighty, lethally poisoned (0 -> -2), hasted, very quick
A: very small, no large weapons, unfitting armour, see invisible, speed 3
a: no special abilities


You were on level 3 of the Dungeon.
You visited 1 branch of the dungeon, and saw 3 of its levels.

You collected 57 gold pieces.

Inventory:

Hand Weapons
 a - a +1 dagger of flaming (weapon)
Armour
 b - a +0 robe (worn)
 f - a +0 cloak (worn)
Scrolls
 d - a scroll of brand weapon
Potions
 c - a potion of invisibility


   Skills:
 + Level 0.7 Fighting
 + Level 2.5 Short Blades
 + Level 3.9 Dodging
 + Level 5.6 Stealth
 + Level 3.8 Spellcasting
 + Level 4.4 Hexes


You had 6 spell levels left.
You knew the following spells:

 Your Spells              Type           Power      Damage    Failure   Level
a - Ensorcelled Hibernat  Hex/Ice        22%        N/A       9%          2
b - Confusing Touch       Hex            19%        N/A       7%          3

Your spell library contained the following spells:

 Spells                   Type           Power      Damage    Failure   Level
 Tukima's Dance           Hex            19%        N/A       7%          3
 Foxfire                  Conj/Fire      12%        2x1d4     16%         1
 Dazzling Flash           Conj/Hex       22%        N/A       19%         3
 Inner Flame              Hex/Fire       11%        N/A       19%         3
 Portal Projectile        Hex/Tloc       22%        N/A       19%         3
 Call Canine Familiar     Summ           3%         N/A       41%         3
 Conjure Flame            Conj/Fire      3%         6-21      41%         3
 Ozocubu's Armour         Ice            3%         N/A       41%         3
 Leda's Liquefaction      Hex/Erth       5%         N/A       52%         4
 Flame Wave               Conj/Fire      3%         2d4       83%         4
 Ozocubu's Refrigeration  Ice            1%         4d5       100%        7


Dungeon Overview and Level Annotations

Branches:
Dungeon (3/15)

Altars:


Innate Abilities, Weirdness & Mutations

You are very small and have problems with some larger weapons.
You are too small for most types of armour.
You have supernaturally acute eyesight. (SInv)
You cover ground extremely quickly. (Speed+++)


Message History

The water moccasin bites you.
You are lethally poisoned!
The water moccasin poisons you!
You hit the water moccasin. You burn the water moccasin.
The water moccasin is lightly wounded.
You feel very sick. The water moccasin misses you.
Casting: Ensorcelled Hibernation (safe; 10% risk of failure)
Confirm with . or Enter, or press ? or * to list all spells.
Aiming: Ensorcelled Hibernation (safe; 10% risk of failure)
Press: ? - help, Shift-Dir - straight line, f - water moccasin
Aim: a water moccasin (lightly wounded, chance to affect: 41%)
The water moccasin looks drowsy...
You feel very sick.
The helpless water moccasin fails to defend itself.
You impale the water moccasin!! You burn the water moccasin.
You kill the water moccasin!
You feel sick.
You have reached level 4!
You have reached level 5!
You feel clever.
It was a potion of degeneration.
There was something very wrong with that liquid.
You feel weakened.
You feel dopey.
You feel clumsy.
* * * LOW HITPOINT WARNING * * *
You feel sick.
It was a potion of might.
You feel very mighty all of a sudden.
* * * LOW HITPOINT WARNING * * *
You feel sick.
It was a potion of haste.
You feel yourself speed up.
* * * LOW HITPOINT WARNING * * *
You feel sick.
* * * LOW HITPOINT WARNING * * *
You feel sick.
* * * LOW HITPOINT WARNING * * *
You feel sick.
* * * LOW HITPOINT WARNING * * *
You feel sick.
You die...

############
#..........# #@#
#.# #.# #.# #.#
#####.### #.#
#.^.....# #.# #(#
#.#†##
#.####.###....####
#..##...##........
#........#.>..####
#..##......####


There were no monsters in sight!

Vanquished Creatures
  A water moccasin (D:3)
  An adder (D:2)
  A worm (D:3)
  4 dart slugs
  4 endoplasms
  4 giant cockroaches
  5 goblins
  A hobgoblin (D:1)
  A quokka (D:1)
  4 ball pythons (D:1)
  8 bats
  3 frilled lizards
  4 kobolds
  3 rats (D:1)
44 creatures vanquished.

Notes
Turn   | Place    | Note
-------+----------+-------------------------------------------
     0 | D:1      | Demosthentine the Spriggan Enchanter began the quest for
                  | the Orb.
     0 | D:1      | Reached XP level 1. HP: 9/9 MP: 5/5
   334 | D:1      | Reached XP level 2. HP: 7/13 MP: 6/6
   355 | D:1      | Learned a level 2 spell: Ensorcelled Hibernation
  1036 | D:1      | Reached XP level 3. HP: 16/16 MP: 8/8
  1380 | D:2      | Reached skill level 5 in Stealth
  2009 | D:2      | Found a faded altar of an unknown god.
  2175 | D:3      | Learned a level 3 spell: Confusing Touch
  2213 | D:3      | Noticed a water moccasin
  2236 | D:3      | Killed a water moccasin
  2237 | D:3      | Reached XP level 4. HP: 6/21 MP: 6/10
  2237 | D:3      | Reached XP level 5. HP: 8/25 MP: 6/11
  2245 | D:3      | HP: 1/25 [poisoned by a water moccasin]
  2247 | D:3      | Succumbed to a water moccasin's poison

Illustrated notes

Levels and vault maps discovered:
D:1:      tarquinn_simple_flora_water_d, layout_rooms, minivault_25,
          minmay_split_cup_small
D:2:      layout_rooms, dreamdust_ecumenical_altar_hidden_monk_grotto
D:3:      minmay_skewed_foursquare, layout_loops_ring,
          nemelex_spade_bored_becter, uniq_sigmund, uniq_crazy_yiuf_cottage

Skill      XL: |  1  2  3 |
---------------+----------+-----
Dodging        | 3 |  3.9
Spellcasting   | 3 |  3.8
Hexes          | 4 |  4.4
Stealth        | 5 |  5.6
Short Blades   | 2 |  2.5
Fighting       | |  0.7

Action                   |  1- 3 |  4- 6 || total
-------------------------+-------+-------++-------
Melee: Dagger            |   142 |       ||   142
 Cast: Ensorcelled Hiber |     3 |       ||     3
  Use: Scroll            |     3 |       ||     3
       Potion            |       |     3 ||     3
 Stab: Sleeping          |    18 |       ||    18
Armor: Robe              |    27 |       ||    27
Dodge: Dodged            |    85 |       ||    85

Table legend: (Time is in decaauts)
 A = Elapsed time spent in this place.
 B = Non-inter-level travel time spent in this place.
 C = Inter-level travel time spent in this place.
 D = Time resting spent in this place.
 E = Time spent auto-exploring this place.
 F = Levels seen in this place.
 G = Mean time per level.
                   A        B        C        D        E       F      G
               +--------+--------+--------+--------+--------+-----+--------+
         Total |   1791 |   1759 |     32 |    339 |   1084 |   3 |  597.0 |
       Dungeon |   1791 |   1759 |     32 |    339 |   1084 |   3 |  597.0 |
               +--------+--------+--------+--------+--------+-----+--------+

Top non-repeatable levels by time:
     D:1: 1144 daAuts
     D:2: 592 daAuts
     D:3: 54 daAuts
